 Dungeon Crawl Stone Soup version 0.28-a0-861-ge64d6db94f (webtiles) character file.

Game seed: 908659952974490124

5 spiderkeys the Sneak (level 1, -1/9 HPs)
             Began as a Spriggan Earth Elementalist on Nov 16, 2021.
             Frozen to death by an endoplasm (5 damage)
             ... on level 1 of the Dungeon.
             The game lasted 00:00:33 (186 turns).

spiderkeys the Sneak (Spriggan Earth Elementalist)   Turns: 186, Time: 00:00:34

Health: -1/9       AC:  2    Str:  4    XL:     1   Next: 66%
Magic:  4/5        EV: 17    Int: 16    God:
Gold:   3          SH:  0    Dex: 15    Spells: 4/5 levels left

rFire   + . .      SeeInvis +   a - +0 dagger
rCold   . . .      Faith    .   (shield restricted)
rNeg    . . .      Spirit   .   b - +0 robe
rPois   .          Reflect  .   (helmet restricted)
rElec   .          Harm     .   (no cloak)
rCorr   .          Rampage  .   (gloves unavailable)
Will    .....                   (boots unavailable)
Stlth   ++........              (no amulet)
HPRegen 0.03/turn               F - ring of protection from fire
MPRegen 0.09/turn               (no ring)

@: very quick
A: very small, no large weapons, unfitting armour, see invisible, speed 3
a: no special abilities


You were on level 1 of the Dungeon.
You visited 1 branch of the dungeon, and saw 1 of its levels.

You collected 3 gold pieces.


Innate Abilities, Weirdness & Mutations

You are very small and have problems with some larger weapons.
You are too small for most types of armour.
You have supernaturally acute eyesight. (SInv)
You cover ground extremely quickly. (Speed+++)


   Skills:
 + Level 2.8 Dodging
 + Level 3.2 Stealth
 + Level 2.8 Spellcasting
 + Level 1.6 Transmutations
 + Level 2.7 Earth Magic


You had 4 spell levels left.
You knew the following spells:

 Your Spells              Type           Power      Damage    Failure   Level
z - Sandblast             Erth           22%        2d7       6%          1

Your spell library contained the following spells:

 Spells                   Type           Power      Damage    Failure   Level
 Passwall                 Tmut/Erth      7%         N/A       12%         2
 Stone Arrow              Conj/Erth      12%        3d7       32%         3
 Petrify                  Tmut/Erth      9%         N/A       61%         4

Inventory:

Hand Weapons
 a - a +0 dagger (weapon)
   (You took it off a goblin on level 1 of the Dungeon)
Missiles
 c - 50 stones
Armour
 b - a +0 robe (worn)
Jewellery
 F - a ring of protection from fire (left hand)
   (You found it on level 1 of the Dungeon)
Scrolls
 d - 3 scrolls of identify {unknown}
 e - a scroll of teleportation {unknown}
 f - a scroll of blinking {unknown}
 h - a scroll of torment {unknown}
Potions
 g - a potion of heal wounds {unknown}

Dungeon Overview and Level Annotations

Branches:
Dungeon (1/15)

Altars:

..# ..# #.## #..#
## #..# #. #..# #.
####. #J.##..
###.... #@..#.#
##...##. #.#.#.#
#..##### ##.#.#.#
###>####≈≈
#....#.###...###≈≈≈
#..............#≈≈#
#$..#..#...###.#≈≈≈
#####..#...# .#≈≈≈
######......# #≈≈≈
##.......#...# #≈≈≈


You could see an endoplasm.


Message History

Welcome, spiderkeys the Spriggan Earth Elementalist.
They say the Orb of Zot lies within this dungeon, but they say a lot of things.
Press ? for a list of commands and other information.
Found a staircase leading out of the dungeon.
You open the door.
There is an open door here.
Found a stone staircase leading down.
c - 55 stones (gained 25)
A goblin comes into view. It is wielding a +0 dagger.
The goblin shouts!
You see here a scroll labelled BOIDGH HIXERR.
A hobgoblin comes into view.
Casting: Sandblast (safe; 6% risk of failure)
Confirm with . or Enter, or press ? or * to list all spells.
Aiming: Sandblast (safe; 6% risk of failure)
Press: ? - help, Shift-Dir - straight line, f - goblin
Aim: a goblin, wielding a +0 dagger (74% to hit)
The blast of sand hits the goblin.
The hobgoblin shouts! 😎 MP[-1]
You lost 1 mp, and now have 4/5 mp.
Casting: Sandblast (safe; 6% risk of failure)
Confirm with . or Enter, or press ? or * to list all spells.
Aiming: Sandblast (safe; 6% risk of failure)
Press: ? - help, Shift-Dir - straight line, f/p - goblin
Aim: a goblin, wielding a +0 dagger (almost dead, 74% to hit)
The blast of sand hits the goblin!
You kill the goblin! 😎 MP[-1]
You lost 1 mp, and now have 3/5 mp.
Casting: Sandblast (safe; 6% risk of failure)
Confirm with . or Enter, or press ? or * to list all spells.
Aiming: Sandblast (safe; 6% risk of failure)
Press: ? - help, Shift-Dir - straight line, f - hobgoblin
Aim: a hobgoblin (79% to hit)
The blast of sand hits the hobgoblin.
You kill the hobgoblin! 😎 MP[-1]
You lost 1 mp, and now have 2/5 mp.
You see here a +0 dagger.
a - a +0 dagger
a - a +0 dagger (weapon)
d - a scroll labelled BOIDGH HIXERR 😎 MP[+3]
Your mp is fully restored (5).
A quokka comes into view.
You see here 3 gold pieces.
You see here a scroll labelled KEUVVAPLEKO.
Casting: Sandblast (safe; 6% risk of failure)
Confirm with . or Enter, or press ? or * to list all spells.
Aiming: Sandblast (safe; 6% risk of failure)
Press: ? - help, Shift-Dir - straight line, f - quokka
Aim: a quokka (71% to hit)
The blast of sand hits the quokka!
You kill the quokka! 😎 MP[-1]
You lost 1 mp, and now have 4/5 mp.
e - a scroll labelled KEUVVAPLEKO 😎 MP[+1]
Your mp is fully restored (5).
You now have 3 gold pieces.
Found an escape hatch in the floor.
d - 2 scrolls labelled BOIDGH HIXERR (gained 1)
f - a scroll labelled MUYC BEROO
g - a murky green potion
d - 3 scrolls labelled BOIDGH HIXERR (gained 1)
There is a stone staircase leading down here.
F - a ring of protection from fire
h - a scroll labelled NURUMN VAIF
F - a ring of protection from fire (left hand)
A bat comes into view.
A bat is nearby!
A bat is nearby!
The helpless bat fails to defend itself.
You puncture the bat!
You kill the bat!
You see here a bat corpse.
You see here a bat corpse.
An endoplasm comes into view.
An endoplasm is nearby!
The endoplasm quivers.
You completely miss the endoplasm. The endoplasm freezes you.
You are frozen.
Ouch! That really hurt!
* * * LOW HITPOINT WARNING * * *
😨 HP[-5]
You take 5 damage, and now have 4/9 hp.
MASSIVE DAMAGE!! (PAUSE) Unknown command.
Casting: Sandblast (safe; 6% risk of failure)
Confirm with . or Enter, or press ? or * to list all spells.
Aiming: Sandblast (safe; 6% risk of failure)
Press: ? - help, Shift-Dir - straight line, f - endoplasm
Aim: an endoplasm (98% to hit)
The blast of sand hits the endoplasm.
The endoplasm freezes you.
You are frozen.
Ouch! That really hurt!
You die...

Action                   || total
-------------------------++-------
Melee: Dagger            ||     2
 Cast: Sandblast         ||     5
 Stab: Sleeping          ||     1

Levels and vault maps discovered:
D:1:      saegor_arrival_miasma, layout_rooms

Notes
Turn   | Place    | Note
-------+----------+-------------------------------------------
     0 | D:1      | spiderkeys the Spriggan Earth Elementalist began the quest
                  | for the Orb.
     0 | D:1      | Reached XP level 1. HP: 9/9 MP: 5/5
     0 | D:1      | magus.rc [v1.9.10]
   186 | D:1      | Frozen to death by an endoplasm

Vanquished Creatures
  A bat (D:1)
  A goblin (D:1)
  A hobgoblin (D:1)
  A quokka (D:1)
4 creatures vanquished.

Table legend:
 A = Non-vault XP
 B = Vault XP
 C = Vault XP percentage of total XP
 D = Non-vault monster count
 E = Vault monster count
 F = Vault count percentage of total count
                 A         B        C        D         E       F
            +---------+---------+-------+---------+---------+-------
      Total |       8 |       0 |   0.0 |       4 |       0 |   0.0
            +---------+---------+-------+---------+---------+-------
        D:1 |       8 |       0 |   0.0 |       4 |       0 |   0.0
            +---------+---------+-------+---------+---------+-------

Illustrated notes

Table legend:
 A = Kills in this place as a percentage of kills in entire the game.
 B = Kills by you in this place as a percentage of kills by you in the entire game.
 C = Kills by friends in this place as a percentage of kills by friends in the entire game.
 D = Other kills in this place as a percentage of other kills in the entire game.
 E = Experience gained in this place as a percentage of experience gained in the entire game.
 F = Experience gained in this place divided by the number of levels of this place that you have seen.
                   A       B       C       D       E      F
               +-------+-------+-------+-------+-------+----------------------
         Total | 100.0 | 100.0 |   N/A |   N/A | 100.0 |   8.0
       Dungeon | 100.0 | 100.0 |   N/A |   N/A | 100.0 |   8.0
               +-------+-------+-------+-------+-------+----------------------

Table legend: (Time is in decaauts)
 A = Elapsed time spent in this place.
 B = Non-inter-level travel time spent in this place.
 C = Inter-level travel time spent in this place.
 D = Time resting spent in this place.
 E = Time spent auto-exploring this place.
 F = Levels seen in this place.
 G = Mean time per level.
                   A        B        C        D        E       F      G
               +--------+--------+--------+--------+--------+-----+--------+
         Total |    134 |    134 |      0 |      0 |    107 |   1 |  134.0 |
       Dungeon |    134 |    134 |      0 |      0 |    107 |   1 |  134.0 |
               +--------+--------+--------+--------+--------+-----+--------+

Top non-repeatable levels by time:
     D:1: 134 daAuts
